 Dungeon Crawl Stone Soup version 0.18-a0-1285-g60d00e1 (webtiles) character file.

10014 George the Carver (level 11, 0/92 HPs)
             Began as a Minotaur Fighter on Feb 8, 2016.
             Was a High Priest of Okawaru.
             Slain by a vampire (7 damage)
             ... on level 10 of the Dungeon.
             The game lasted 00:20:48 (10908 turns).

George the Carver (Minotaur Fighter)               Turns: 10908, Time: 00:20:49

Health: 0/92       AC: 21    Str: 28    XL:     11   Next: 30%
Magic:  15/17      EV: 12    Int:  5    God:    Okawaru [*****.]
Gold:   713        SH:  0    Dex: 18    Spells: 0 memorised, 10 levels left

rFire  + . .     SeeInvis .     z - +2 great sword of Stickiness {freeze, rElec Str+5 Dex+7 Stlth-}
rCold  . . .     Gourm    .     L - +0 chain mail {rC+}
rNeg   + + .     Faith    +     (shield currently unavailable)
rPois  +         Spirit   .     (helmet restricted)
rElec  +         Dismiss  .     H - +2 cloak
rCorr  +         Reflect  .     B - +1 pair of gloves "Zonku" {rPois rN++ MR+}
SustAt .         Harm     .     x - +1 pair of boots
MR     +....                    W - amulet of faith
Stlth  ..........               U - ring of fire
                                o - ring of resist corrosion

@: heroism, somewhat resistant to hostile enchantments, extremely unstealthy
A: retaliatory headbutt, horns 2
a: Heroism, Finesse, Renounce Religion


You were on level 10 of the Dungeon.
You worshipped Okawaru.
Okawaru was extremely pleased with you.
You were not hungry.

You visited 2 branches of the dungeon, and saw 12 of its levels.

You collected 713 gold pieces.

Inventory:

Hand Weapons
 z - the +2 great sword of Stickiness (weapon) {freeze, rElec Str+5 Dex+7 Stlth-}
   (Okawaru gifted it to you on level 10 of the Dungeon)

   It has been specially enchanted to freeze those struck by it, causing extra
   injury to most foes and up to half again as much damage against particularly
   susceptible opponents.
   It can also slow down cold-blooded creatures.
   It affects your strength (+5).
   It affects your dexterity (+7).
   It insulates you from electricity.
   It makes you less stealthy.
 X - a +3 scimitar of holy wrath
 Z - a +0 short sword of speed
Armour
 c - a +0 shield
 x - a +1 pair of boots (worn)
 B - the +1 pair of gloves "Zonku" (worn) {rPois rN++ MR+}
   (You found it on level 10 of the Dungeon)

   It protects you from poison.
   It greatly protects you from negative energy.
   It affects your resistance to hostile enchantments.
 H - a +2 cloak (worn)
 L - a +0 chain mail of cold resistance (worn)
Jewellery
 o - a ring of resist corrosion (left hand)
 K - an uncursed ring of ice
 U - a ring of fire (right hand)
 W - an amulet of faith (around neck)
Wands
 y - a wand of digging (13/24)
 C - a wand of acid (2/15)
 I - a wand of disintegration (11/24)
 P - a wand of paralysis (11/24)
 Q - a wand of lightning (9/15)
 V - a wand of iceblast (6/15)
Scrolls
 l - 2 scrolls of fear
 t - 2 scrolls of immolation
 v - 10 scrolls of remove curse
 A - 4 scrolls of teleportation
 E - a scroll of blinking
 O - 2 scrolls of magic mapping
 R - 2 scrolls of recharging
 S - 2 scrolls of identify
 T - a scroll of enchant weapon
 Y - 4 scrolls of enchant armour
Potions
 h - 3 potions of curing
 n - 5 potions of heal wounds
 q - a potion of cure mutation
 r - 3 potions of agility
 D - 4 potions of lignification
 G - a potion of flight
 J - a potion of mutation
 M - a potion of might
 N - a potion of haste
Comestibles
 f - 11 bread rations
 i - 2 beef jerkies
 u - 2 meat rations
 F - a slice of pizza


   Skills:
 + Level 7.0(12.0) Fighting
 + Level 14.3(19.3) Long Blades
 + Level 7.0(12.0) Armour
 - Level 3.6(8.6) Shields
 - Level 10.6 Invocations


You had 10 spell levels left.
You didn't know any spells.

Dungeon Overview and Level Annotations

Branches:
Dungeon (11/15)            Temple (1/1) D:4            Lair (0/8) D:9
    Orc (0/2) D:10

Altars:
Ashenzari
Cheibriados
Dithmenos
Elyvilon
Fedhas
Gozag
Kikubaaqudgha
Makhleb
Nemelex Xobeh
Okawaru
Pakellas
Qazlal
Ru
Sif Muna
Trog
Vehumet
Xom
Yredelemnul
Zin
The Shining One

Shops:
D:9 =


Innate Abilities, Weirdness & Mutations

You reflexively headbutt those who attack you in melee.
You have a pair of horns on your head.


Message History

You hit something but do no damage. You headbutt something!
Something hits you but does no damage. Something bites you but does no damage.
You closely miss something. Something hits you.
* * * LOW HITPOINT WARNING * * *
Something bites you but does no damage.
You closely miss something. Something hits you but does no damage.
Something bites you.
* * * LOW HITPOINT WARNING * * *
Drink which item? (? for menu, Esc to quit)
You feel better. Something hits you but does no damage.
Something bites you but does no damage.
You hit something but do no damage. You headbutt something. Something hits you.
* * * LOW HITPOINT WARNING * * *
Something bites you but does no damage.
You closely miss something.
You gain the combat prowess of a mighty hero.
You feel slightly more hungry. Something hits you.
* * * LOW HITPOINT WARNING * * *
Something bites you!
You die...

..# ###########.#.......#
#.#############.#...#...#
......................>.###
......#########.#...#.#...#
......#####.....#.#.#.#.#.##
..######....#####.#.##.....#
8....# #........#.#.##.##..#
.....# #....#.#......#.....#
.....# ##.......@{...#..##.###
.....## #.......##...........#
......# #....##.##.#.#.###.###
......#####......#.#...# #.#####
>...8..# #..###.#.##### #.....#
.......####..# #.#.# #####.#
.........##..# #.#.# #.#
.....#.......###.#.# #.#
.....#...........#.###########.##


There were no monsters in sight!

Vanquished Creatures
  The ghost of Uberwunderbarhen the Nimble, a novice OpBe of Trog (D:7)
  2 hill giants (D:10)
  2 ugly things (D:10)
  2 trolls (D:10)
  2 two-headed ogres (D:9)
  Grinder (D:5)
  Sigmund (D:2)
  A wraith (D:10)
  2 wyverns
  A spriggan (D:7)
  2 hippogriffs
  6 yaks (D:10)
  2 hungry ghosts (D:10)
  Menkaure (D:4)
  Edmund (D:5)
  Duvessa (D:5)
  3 ice beasts
  3 orc warriors (D:9)
  A wasp (D:6)
  2 ogres
  5 phantoms
  A crocodile (D:9)
  A centaur (D:8)
  Blork the orc (D:5)
  2 big kobolds (D:9)
  6 giant frogs
  A gnoll sergeant (D:8)
  A wyvern zombie (D:9)
  Dowan (D:5)
  2 scorpions
  A troll zombie (D:10)
  7 killer bees
  2 centaur zombies
  A giant frog zombie (D:5)
  3 crimson imps
  A quasit (D:9)
  5 jellies
  4 hounds
  Crazy Yiuf (D:3)
  A centaur skeleton (D:8)
  4 orc priests
  Terence (D:2)
  4 iguanas
  4 worker ants
  6 orc wizards
  7 ogre zombies (D:10)
  3 hound skeletons
  4 worker ant zombies
  Robin (D:2)
  7 gnolls
  10 adders
  4 shadow imps
  2 oozes (D:2)
  4 adder zombies
  An adder skeleton (D:4)
  A worm (D:3)
  3 giant geckos
  28 orcs
  9 bats
  8 giant cockroaches
  16 goblins
  7 hobgoblins
  8 jackals
  10 kobolds
  2 quokkas
  A ball python (D:1)
  2 giant gecko zombies
  5 giant newts
  2 goblin skeletons (D:10)
  3 goblin zombies (D:10)
  A hobgoblin skeleton (D:10)
  4 orc skeletons (D:10)
  15 orc zombies (D:10)
  6 rats
277 creatures vanquished.

Notes
Turn   | Place    | Note
--------------------------------------------------------------
     0 | D:1      | George the Minotaur Fighter began the quest for the Orb.
     0 | D:1      | Reached XP level 1. HP: 19/19 MP: 0/0
   137 | D:1      | Reached XP level 2. HP: 24/26 MP: 1/1
   318 | D:1      | Reached skill level 4 in Long Blades
   620 | D:1      | Reached XP level 3. HP: 31/31 MP: 2/2
   801 | D:2      | Found a shattered altar of Ashenzari.
   801 | D:2      | Found an iron altar of Okawaru.
   802 | D:2      | Found a radiant altar of Vehumet.
   802 | D:2      | Noticed Terence
   805 | D:2      | Found a bloodstained altar of Trog.
   805 | D:2      | Found an ancient bone altar of Kikubaaqudgha.
   806 | D:2      | Found a deep blue altar of Sif Muna.
   819 | D:2      | Killed Terence
   819 | D:2      | Reached skill level 5 in Long Blades
   844 | D:2      | Became a worshipper of Warmaster Okawaru
   951 | D:2      | Reached XP level 4. HP: 26/39 MP: 3/3
  1073 | D:2      | Noticed Sigmund
  1106 | D:2      | Killed Sigmund
  1106 | D:2      | Reached * piety under Okawaru
  1106 | D:2      | Reached skill level 6 in Long Blades
  1106 | D:2      | Reached XP level 5. HP: 5/45 MP: 3/6
  1563 | D:2      | Noticed Robin
  1583 | D:2      | Reached XP level 6. HP: 48/51 MP: 7/7
  1592 | D:2      | Killed Robin
  2266 | D:3      | Noticed Crazy Yiuf
  2275 | D:3      | Killed Crazy Yiuf
  2577 | D:4      | Found a white marble altar of Elyvilon.
  2629 | D:4      | Reached skill level 7 in Long Blades
  2702 | D:4      | Noticed Menkaure
  2710 | D:4      | Killed Menkaure
  2710 | D:4      | Reached XP level 7. HP: 15/57 MP: 9/9
  2934 | D:4      | Found a staircase to the Ecumenical Temple.
  3108 | Temple   | Entered the Ecumenical Temple
  3208 | D:4      | Reached skill level 5 in Invocations
  3350 | D:4      | Found a basalt altar of Yredelemnul.
  3362 | D:4      | Found a glowing golden altar of the Shining One.
  3379 | D:4      | Found an opulent altar of Gozag.
  3380 | D:4      | Found a sparkling altar of Nemelex Xobeh.
  3439 | D:4      | Reached skill level 8 in Long Blades
  3858 | D:4      | Noticed an angel
  3894 | D:5      | Entered Level 5 of the Dungeon
  4042 | D:5      | Noticed Blork the orc
  4054 | D:5      | Killed Blork the orc
  4054 | D:5      | Reached ** piety under Okawaru
  4156 | D:5      | Found a white marble altar of Elyvilon.
  4254 | D:5      | Found an ancient bone altar of Kikubaaqudgha.
  4268 | D:5      | Noticed Dowan
  4269 | D:5      | Noticed Duvessa
  4271 | D:5      | Noticed Grinder
  4276 | D:5      | Paralysed by Grinder for 3 turns
  4281 | D:5      | Killed Duvessa
  4281 | D:5      | Reached XP level 8. HP: 56/64 MP: 11/11
  4285 | D:5      | Killed Dowan
  4285 | D:5      | Reached skill level 9 in Long Blades
  4297 | D:5      | Paralysed by Grinder for 3 turns
  4304 | D:5      | Killed Grinder
  4553 | D:5      | Noticed Edmund
  4566 | D:5      | Killed Edmund
  5040 | D:6      | Reached skill level 10 in Long Blades
  5206 | D:6      | Reached *** piety under Okawaru
  5615 | D:6      | Reached XP level 9. HP: 66/70 MP: 13/13
  5635 | D:7      | Paralysed by a wasp for 3 turns
  5835 | D:7      | Found an iron altar of Okawaru.
  5907 | D:7      | Reached skill level 11 in Long Blades
  6295 | D:7      | Found a shimmering altar of Xom.
  6357 | D:7      | Noticed Uberwunderbarhen's ghost (novice OpBe)
  6391 | D:7      | Killed Uberwunderbarhen's ghost
  7300 | D:8      | Found a shadowy altar of Dithmenos.
  7304 | D:8      | Reached **** piety under Okawaru
  7395 | D:8      | Reached skill level 12 in Long Blades
  7772 | D:9      | Found Gotwuama's Jewellery Emporium.
  7950 | D:9      | Reached XP level 10. HP: 23/77 MP: 16/16
  8331 | D:9      | Reached ***** piety under Okawaru
  8331 | D:9      | Reached skill level 10 in Invocations
  8496 | D:9      | Received a gift from Okawaru
  8851 | D:9      | Found a staircase to the Lair.
  8862 | D:9      | Reached skill level 13 in Long Blades
  9295 | D:10     | Entered Level 10 of the Dungeon
  9459 | D:10     | Found a staircase to the Orcish Mines.
  9589 | D:10     | Got a pair of polished gloves
  9595 | D:10     | Identified the +1 pair of gloves "Zonku" {rPois rN++ MR+} (You found it on level 10 of the Dungeon)
  9626 | D:10     | Received a gift from Okawaru
  9631 | D:10     | Got a faintly glowing great sword {god gift}
  9632 | D:10     | Identified the +2 great sword of Stickiness {freeze, rElec Str+5 Dex+7 Stlth-} (Okawaru gifted it to you on level 10 of the Dungeon)
  9751 | D:10     | Reached skill level 5 in Armour
  9851 | D:10     | Reached skill level 5 in Fighting
 10064 | D:10     | Reached XP level 11. HP: 49/89 MP: 17/17
 10255 | D:10     | Noticed a purple ugly thing
 10269 | D:10     | Killed a purple ugly thing
 10272 | D:10     | Reached skill level 14 in Long Blades
 10425 | D:10     | Noticed a hill giant
 10433 | D:10     | Killed a hill giant
 10433 | D:10     | Received a gift from Okawaru
 10555 | D:10     | Noticed a hill giant
 10569 | D:10     | Killed a hill giant
 10871 | D:11     | Noticed a red ugly thing
 10891 | D:10     | Killed a red ugly thing
 10908 | D:10     | Slain by a vampire

Vault maps used:
D:1:      minmay_arrival_diagonal_passages, minmay_box_of_dots
D:2:      grunt_temple_overflow_open, minmay_misc_feat_iff, uniq_robin,
          uniq_sigmund, uniq_terence
D:3:      first_bread, uniq_crazy_yiuf_cottage
D:4:      grunt_temple_overflow_holy_war, grunt_temple_overflow_opulence,
          minmay_temple_entry_junction2, elyvilon_altar_5, uniq_menkaure
D:5:      lemuel_round_altar, basic_altar, uniq_edmund, uniq_blork_the_orc,
          uniq_duvessa, uniq_grinder
D:6:      grunt_decor_one_mirror
D:7:      overflow_temple_1_default, the_bakery, minmay_misc_feat_hallway,
          okawaru_ov_weapons_minmay
D:8:      nicolae_dithmenos_shadow_blocks
D:9:      lair_0_dummy, serial_shops, shop, kennysheep_kite_vault
D:10:     kennysheep_spiral_hall, zombieorc2_lemuel
D:11:     serial_shops, kennysheep_little_box, uniq_snorg
Temple:   nicolae_temple_no_exploring_needed

Action                   |  1- 3 |  4- 6 |  7- 9 | 10-12 || total
-------------------------+-------+-------+-------+-------++-------
Melee: Long sword        |    93 |   144 |    15 |       ||   252
       Great sword       |       |       |   279 |   273 ||   552
Invok: Heroism           |       |       |       |     1 ||     1
  Use: Scroll            |     5 |     9 |    10 |       ||    24
       Potion            |       |     1 |       |     1 ||     2
  Eat: Chunk             |       |     6 |    17 |     9 ||    32
       Pizza             |       |       |       |     2 ||     2
       Bread ration      |       |       |       |     1 ||     1
